 Dungeon Crawl Stone Soup version 0.20-a0-537-g052e6ba (webtiles) character file.

67 PrrrPrrrPrrr the Digger (level 4, 0/24 HPs)
             Began as a Gargoyle Earth Elementalist on Jan 28, 2017.
             Slain by a gnoll
             ... wielding a +0 spear
              (8 damage)
             ... on level 2 of the Dungeon.
             The game lasted 00:04:33 (1379 turns).

PrrrPrrrPrrr the Digger (GrEE)                      Turns: 1379, Time: 00:04:33

Health: 0/24       AC:  6    Str: 11    XL:     4   Next: 16%
Magic:  1/9        EV: 12    Int: 17    God:
Gold:   65         SH:  0    Dex: 10    Spells: 9/10 levels left

rFire    . . .     SeeInvis .   i - +1 spear
rCold    . . .     Gourm    .   c - +0 robe
rNeg     + . .     Faith    .   (no shield)
rPois    ∞         Spirit   .   (no helmet)
rElec    +         Reflect  .   (no cloak)
rCorr    .         Harm     .   (no gloves)
MR       .....                  n - +0 pair of boots
Stlth    ++........             (no amulet)
Regen    0.1/turn               (no ring)
                                (no ring)

@: no status effects
A: negative energy resistance 1, electricity resistance, unbreathing,
petrification resistance, rot immunity, AC +3
a: no special abilities


You were on level 2 of the Dungeon.
You were not hungry.

You visited 1 branch of the dungeon, and saw 2 of its levels.

You collected 65 gold pieces.

Inventory:

Hand Weapons
 i - a +1 spear (weapon)
 j - a +0 dagger
Missiles
 b - 82 stones (quivered)
Armour
 c - a +0 robe (worn)
 n - a +0 pair of boots (worn)
Scrolls
 h - a scroll of remove curse
Potions
 a - a potion of cure mutation
 f - a potion of lignification {unknown}
 g - a potion of curing
 k - a potion of might {unknown}
 l - a potion of haste {unknown}
Books
 e - a book of Geomancy

   Spells                             Type                      Level
   a - Sandblast                      Earth                        1
   b - Passwall                       Transmutation/Earth          2
   c - Stone Arrow                    Conjuration/Earth            3
   d - Petrify                        Transmutation/Earth          4
   e - Lee's Rapid Deconstruction     Earth                        5
Comestibles
 d - a bread ration
 m - a chunk of flesh


   Skills:
 - Level 1.5 Dodging
 - Level 2.1 Stealth
 * Level 3.6 Spellcasting
   Level 0.7 Transmutations
 + Level 4.2 Earth Magic


You had 9 spell levels left.
You knew the following spells:

 Your Spells              Type           Power        Failure   Level  Hunger
a - Sandblast             Erth           ###...       2%          1    None


Dungeon Overview and Level Annotations

Branches:
Dungeon (2/15)

Altars:


Innate Abilities, Weirdness & Mutations

You are resistant to torment.
Your stone body is resilient. (AC +3)
You are immune to poison.
You resist negative energy. (rN+)
You are resistant to electric shocks. (rElec)
You can survive without breathing.
You are immune to petrification.
You are immune to rotting.


Message History

The gnoll hits you but does no damage. The gnoll completely misses you.
Attack whom?
Press: ? - help, Dir - move target cursor, f/p - gnoll
Aim: a gnoll, wielding a spear (almost dead)
You reach to attack!
You closely miss the gnoll.
The gnoll is almost dead.
The gnoll hits you from afar with a spear.
Attack whom?
Press: ? - help, Dir - move target cursor, f/p - gnoll
Aim: a gnoll, wielding a spear (almost dead)
You reach to attack!
You completely miss the gnoll.
The gnoll is almost dead.
The gnoll hits you but does no damage.
Attack whom?
Press: ? - help, Dir - move target cursor, f/p - gnoll
Aim: a gnoll, wielding a spear (almost dead)
You reach to attack!
You completely miss the gnoll.
The gnoll is almost dead.
The gnoll hits you from afar with a spear!
You die...

............#.###**** **+*,***,,
.................,,,* *,*,*****
.................,,,* *,*,,,,,*
.................,,,* *,*,,,*,*
.................,,,* *,*,*,*,*
.......##.#######**** *,*+*,*,*
.......##'##### *,,,,,*,*
#######...>...##########*,,,,,,,,
,,,* #.........@)g...<.*,,,,,*,*
,,,* #.......###.......,,,,,,*,,
,,,* #.......#,+.......,,,,,,***
,,,***#.......#,*.......,,,,,,,,,
,,,,,.........#,*.......,*,,,,***
,,,,..........#,*.......,,,,,,,,*
,,,,..........#,,.......,,,,,,,,,
,,,,..........#,,#######*+++*****
,,,,,,,,,,,,,,*,,********,,,*****


You could see a gnoll.

Vanquished Creatures
  An adder (D:1)
  2 gnolls (D:2)
  A worm (D:2)
  A dart slug (D:1)
  3 giant cockroaches (D:1)
  6 goblins
  A hobgoblin (D:1)
  2 jackals (D:1)
  A bat (D:1)
  3 frilled lizards
  9 kobolds
  5 rats (D:1)
35 creatures vanquished.

Notes
Turn   | Place    | Note
-------+----------+-------------------------------------------
     0 | D:1      | PrrrPrrrPrrr the Gargoyle Earth Elementalist began the quest for the Orb.
     0 | D:1      | Reached XP level 1. HP: 10/10 MP: 3/3
   220 | D:1      | Reached XP level 2. HP: 9/15 MP: 1/5
   606 | D:1      | Reached XP level 3. HP: 19/19 MP: 7/7
   741 | D:1      | Reached skill level 4 in Earth Magic
  1370 | D:2      | Reached XP level 4. HP: 24/24 MP: 5/9
  1379 | D:2      | Slain by a gnoll

Vault maps used:
D:1:      saegor_arrival_simple_b
D:2:      nemelex_altar_shiori, first_bread

Skill      XL: |  1  2  3 |
---------------+----------+-----
Spellcasting   | 3 |  3.6
Earth Magic    | 4 |  4.2
Dodging        | |  1.5
Stealth        | |  2.1
Transmutations | |  0.7

Action                   |  1- 3 |  4- 6 || total
-------------------------+-------+-------++-------
Melee: Dagger            |    12 |       ||    12
       Spear             |    75 |     4 ||    79
 Cast: Sandblast         |    20 |     6 ||    26
  Use: Scroll            |     7 |       ||     7
 Stab: Sleeping          |     1 |       ||     1
  Eat: Chunk             |     2 |       ||     2
Armor: Robe              |    27 |     2 ||    29
Dodge: Dodged            |    58 |     3 ||    61
